 Dungeon Crawl Stone Soup version 0.25.1-2-g60ff931df9 (webtiles) character file.

Game seed: 4630135243104277387

112 Elvor the Shield-Bearer (level 4, -3/29 HPs)
             Began as a Gargoyle Fighter on Aug 26, 2020.
             Slain by an orc wizard
             ... wielding a +0 dagger
              (4 damage)
             ... on level 3 of the Dungeon.
             The game lasted 00:13:24 (1626 turns).

Elvor the Shield-Bearer (Gargoyle Fighter)          Turns: 1626, Time: 00:13:28

Health: -3/29      AC: 11    Str: 20    XL:     4   Next: 93%
Magic:  4/4        EV:  7    Int:  9    God:
Gold:   70         SH:  9    Dex:  9    Spells: 3/3 levels left

rFire    . . .     SeeInvis .   a - +0 flail
rCold    . . .     Gourm    .   c - +0 kite shield
rNeg     + . .     Faith    .   b - +0 scale mail
rPois    ∞         Spirit   .   (no helmet)
rElec    +         Reflect  .   i - +0 cloak
rCorr    .         Harm     .   (no gloves)
MR       .....                  (no boots)
Stlth    ..........             (no amulet)
HPRegen  0.09/turn              (no ring)
MPRegen  0.09/turn              (no ring)

@: no status effects
A: negative energy resistance 1, electricity resistance, unbreathing,
petrification resistance, rot immunity, AC +3
a: no special abilities


You were on level 3 of the Dungeon.
You were not hungry.

You visited 1 branch of the dungeon, and saw 3 of its levels.

You collected 70 gold pieces.

Inventory:

Hand Weapons
 a - a +0 flail (weapon)
Missiles
 l - 7 curare-tipped darts (quivered)
 n - 2 throwing nets
Armour
 b - a +0 scale mail (worn)
 c - a +0 kite shield (worn)
 i - a +0 cloak (worn)
Scrolls
 e - 2 scrolls of fear {unknown}
 g - a scroll of remove curse {unknown}
 h - a scroll of identify {unknown}
 m - a scroll of teleportation {unknown}
Potions
 d - a potion of might
 j - a potion of mutation {unknown}
 k - 2 potions of lignification {unknown}
Comestibles
 f - 4 rations
 o - 4 chunks of flesh


   Skills:
 * Level 3.9 Fighting
 + Level 3.1 Maces & Flails
 + Level 3.9 Armour
 + Level 0.6 Dodging
 + Level 4.1 Shields


You had 3 spell levels left.
You didn't know any spells.
Your spell library was empty.

Dungeon Overview and Level Annotations

Branches:
Dungeon (3/15)

Altars:
Qazlal


Innate Abilities, Weirdness & Mutations

You are resistant to torment.
Your stone body is resilient. (AC +3)
You are immune to poison.
You resist negative energy. (rN+)
You are resistant to electric shocks. (rElec)
You can survive without breathing.
You are immune to petrification.
You are immune to rotting.


Message History

You hear some strange, mumbled words.
A magic dart appears from out of thin air!
The magic dart hits you.
* * * LOW HITPOINT WARNING * * *
You hear some strange, mumbled words.
A magic dart appears from out of thin air!
The magic dart hits you but does no damage.
You barely miss something. You block something's attack.
Something hits you but does no damage.
You closely miss something. Something hits you but does no damage.
You hear some strange, mumbled words.
A puff of flame appears from out of thin air!
You block the puff of flame.
You barely miss something.
You hear some strange, mumbled words.
A magic dart appears from out of thin air!
The magic dart hits you!
* * * LOW HITPOINT WARNING * * *
Something hits you.
You die...

#.#.#.......#
#.#.#..........
#...........###
###<#.........
#.#.......###
#.#.#######
#.#.# ..#.#
#.#@# #.#{#
#.#g#


#ogo# #####.#o# .......)# #####....# ...##..# ###g #..# You could see 2 gnolls
and 2 orcs.

Vanquished Creatures
  3 gnolls (D:2)
  2 adders (D:2)
  An ooze (D:2)
  3 worms (D:2)
  A dart slug (D:3)
  An orc (D:3)
  5 giant cockroaches
  4 goblins
  5 hobgoblins
  3 jackals (D:2)
  6 kobolds
  A quokka (D:2)
  5 bats
  2 frilled lizards
  8 rats
50 creatures vanquished.

Notes
Turn   | Place    | Note
-------+----------+-------------------------------------------
     0 | D:1      | Elvor the Gargoyle Fighter began the quest for the Orb.
     0 | D:1      | Reached XP level 1. HP: 14/14 MP: 1/1
   216 | D:1      | Reached XP level 2. HP: 16/19 MP: 2/2
   577 | D:2      | Reached XP level 3. HP: 14/23 MP: 3/3
   742 | D:2      | Found a stormy altar of Qazlal.
   832 | D:2      | Reached XP level 4. HP: 21/29 MP: 4/4
   858 | D:2      | Reached skill level 4 in Shields
  1626 | D:3      | HP: 1/29 [something/magic dart (7)]
  1626 | D:3      | Slain by an orc wizard

Illustrated notes

Levels and vault maps discovered:
D:1:      dpeg_chamrin_arrival_tetris, layout_rooms
D:2:      layout_basic, nicolae_qazlal_eye_of_the_storm
D:3:      layout_loops_ring, minmay_joined_circles

Skill      XL: |  1  2  3  4 |
---------------+-------------+-----
Shields        | 4 |  4.1
Maces & Flails | 3 |  3.1
Fighting       | |  3.9
Armour         | |  3.9
Dodging        | |  0.6

Action                   |  1- 3 |  4- 6 || total
-------------------------+-------+-------++-------
Melee: Flail             |   182 |    88 ||   270
  Eat: Ration            |       |     1 ||     1
       Chunk             |       |     1 ||     1
Armor: Scale mail        |   109 |    55 ||   164
Dodge: Dodged            |    55 |    22 ||    77
Block: Kite shield       |    93 |    43 ||   136
